Map: Port Aleksander LE

Players

Nordy - Winner!

  • Race: Protoss Protoss
  • League: Diamond
  • Spawn Location: 5:00

Falcon

  • Race: Zerg Zerg
  • League: Diamond
  • Spawn Location: 11:00

VOD

Have the link to the VOD?

Description

Time

  • Played on: Nov. 21, 2018, 6:56 p.m.
  • Length: 11:37
Show
View Real Time Build Order
Export as new Build Order

Nordy Protoss - Winner!

Build Orders: 1 Gate Expand, Oracle Opening, Chargelot Immortal 

Get SALT Encoding   

  12  0:01  Probe  
  13  0:13  Probe  
  14  0:20  Pylon  
  14  0:25  Probe  
  15  0:36  Probe  
  15  0:40  Gateway  
  16  0:44  Probe  
  17  0:50  Assimilator  
  17  0:52  Probe  
  18  1:04  Probe  
  19  1:16  Probe  
  20  1:29  Nexus  
  20  1:42  Cybernetics Core  
  20  1:48  Assimilator  
  20  1:49  Probe  
  21  1:56  Pylon  
  21  2:01  Probe  
  22  2:10  Adept  
  22  2:13  Probe  
  25  2:24  Stargate  
  25  2:29  Probe  
  25  2:34  Warp Gate  
  25  2:36  Adept  
  25  2:39  Probe x2  
  29  2:47  Probe x2  
  29  2:58  Probe, Gateway  
  31  3:01  Probe  
  33  3:10  Probe  
  34  3:13  Probe  
  35  3:22  Probe  
  35  3:23  Oracle  
  35  3:25  Probe  
  40  3:34  Probe  
  40  3:37  Probe  
  40  3:38  Twilight Council  
  42  3:46  Probe  
  43  3:49  Probe  
  44  3:58  Probe  
  44  3:59  Pylon  
  44  4:01  Assimilator, Probe  
  46  4:03  Assimilator  
  46  4:05  Pylon  
  46  4:17  Probe x2, Gateway, Phoenix  
  46  4:18  Gateway  
  50  4:29  Probe x2  
  52  4:41  Probe x2  
  54  4:54  Probe x2  
  54  4:57  Adept x2  
  60  5:06  Probe x2  
  62  5:15  Nexus  
  62  5:16  Pylon  
  62  5:17  Pylon, Templar Archives  
  62  5:20  Forge  
  62  5:21  Forge, Gateway  
  62  5:25  Robotics Facility  
  62  5:27  Charge  
  62  5:34  Probe x2  
  64  5:41  Zealot x2  
  64  5:42  Zealot  
  70  5:46  Probe x2  
  70  5:48  Psionic Storm  
  72  5:50  Pylon  
  72  5:54  Protoss Ground Armor Level 1, Protoss Ground Weapons Level 1, Pylon  
  72  5:58  Probe x2  
  74  6:11  Probe x2  
  76  6:12  Observer  
  76  6:18  High Templar x2  
  81  6:23  Probe x2  
  83  6:27  Probe  
  84  6:33  Zealot x3  
  84  6:35  Probe x2  
  92  6:43  Probe  
  93  6:47  Probe x2  
  95  6:55  Zealot, Probe  
  95  6:56  Pylon  
  95  6:58  Robotics Facility, Pylon  
  95  6:59  Probe x2  
  100  7:02  Assimilator  
  100  7:07  Probe, Gateway  
  100  7:08  Assimilator, Gateway  
  101  7:09  Gateway  
  101  7:12  High Templar  
  101  7:13  High Templar x3  
  109  7:27  Probe x3  
  109  7:29  Zealot  
  106  7:35  Immortal  
  106  7:39  Probe x2, Immortal  
  106  7:40  Probe  
  109  7:46  Gateway  
  109  7:47  Gateway  
  109  7:51  Gateway  
  116  7:53  Gateway  
  116  7:56  High Templar  
  116  7:57  High Templar  
  116  7:58  Zealot x2  
  122  8:00  Archon  
  122  8:02  Pylon  
  124  8:05  Pylon  
  124  8:08  Pylon  
  124  8:10  Pylon  
  124  8:12  Pylon  
  124  8:15  Pylon  
  124  8:17  Pylon  
  124  8:22  Zealot x4  
  132  8:34  Zealot x3  
  130  8:39  Pylon  
  108  8:49  Zealot x5  
  108  8:50  Zealot x2  
  102  8:59  Observer  
  102  9:00  Observer  
  102  9:02  Zealot x4  
  112  9:03  Zealot  
  114  9:11  High Templar x2  
  114  9:12  High Templar x4  
  114  9:13  High Templar  
  122  9:34  Zealot x4  
  126  9:43  Immortal x2  
  126  9:45  Zealot x4  
  128  9:46  Zealot x4  
  139  10:15  Probe x3, Warp Prism  
  139  10:16  Zealot x2  
  139  10:17  Zealot x5  
  139  10:18  Zealot x4  
  164  10:25  Warp Prism  
  158  10:57  Immortal  
  154  11:18  Zealot x2  
  154  11:19  Zealot x6  
  154  11:20  Zealot x4  
Show
View Real Time Build Order
Export as new Build Order

Falcon Zerg 

Build Orders: Pool First, Lurkers 

Get SALT Encoding   

  12  0:01  Drone  
  13  0:12  Overlord  
  13  0:18  Drone  
  14  0:31  Drone x2  
  14  0:35  Drone  
  17  0:48  Spawning Pool  
  16  0:51  Drone  
  17  1:12  Hatchery  
  17  1:18  Drone, Extractor  
  17  1:21  Drone  
  17  1:25  Drone  
  18  1:29  Drone  
  19  1:41  Zergling x2  
  19  1:46  Queen  
  22  1:53  Overlord  
  22  2:10  Overlord  
  22  2:18  Metabolic Boost  
  22  2:21  Drone  
  23  2:23  Drone  
  23  2:24  Drone, Queen  
  27  2:38  Drone x2  
  29  2:44  Zergling x2  
  29  2:46  Zergling x2  
  31  2:54  Zergling x2  
  31  2:56  Overlord  
  32  3:06  Drone  
  32  3:07  Drone  
  34  3:14  Hatchery  
  34  3:15  Drone x3  
  36  3:30  Drone x4  
  40  3:35  Drone x3  
  40  3:36  Queen  
  40  3:40  Drone  
  46  3:42  Drone  
  46  3:43  Drone  
  46  3:46  Drone x2  
  49  3:54  Drone  
  49  3:55  Drone  
  49  4:06  Drone  
  49  4:07  Drone x2  
  49  4:08  Overlord  
  49  4:09  Overlord  
  52  4:16  Drone, Extractor  
  52  4:17  Extractor  
  52  4:18  Drone  
  52  4:20  Overlord x2  
  52  4:28  Drone x3  
  52  4:30  Lair  
  52  4:33  Spore Crawler  
  48  4:42  Spore Crawler  
  48  4:43  Spore Crawler  
  44  4:46  Drone  
  44  4:47  Drone x5  
  50  5:00  Queen  
  50  5:01  Drone  
  50  5:02  Drone x4  
  50  5:04  Drone  
  58  5:16  Drone  
  58  5:17  Drone x2  
  58  5:20  Drone x2, Extractor  
  62  5:21  Extractor  
  62  5:26  Extractor  
  60  5:29  Hydralisk Den  
  59  5:36  Roach Warren  
  59  5:38  Drone x2  
  59  5:40  Drone  
  59  5:41  Drone x6  
  67  5:51  Drone  
  67  5:52  Drone x2  
  67  5:53  Drone  
  67  5:54  Drone x2  
  73  6:00  Muscular Augments  
  73  6:02  Drone  
  73  6:03  Lurker Den  
  73  6:10  Hydralisk x4  
  81  6:22  Overlord  
  81  6:23  Overlord  
  81  6:24  Overlord  
  81  6:27  Glial Reconstitution  
  81  6:31  Overlord  
  81  6:32  Overlord  
  81  6:34  Overlord, Hatchery  
  81  6:37  Overlord  
  81  6:39  Pneumatized Carapace  
  80  6:40  Overseer  
  80  6:48  Roach x3  
  80  6:49  Roach  
  88  6:58  Hydralisk x4  
  96  7:02  Roach, Hydralisk  
  100  7:11  Grooved Spines  
  93  7:36  Roach  
  93  7:37  Roach x18  
  131  7:55  Lurker x7  
  138  7:59  Queen  
  140  8:07  Overlord x6  
  140  8:09  Drone  
  140  8:10  Drone x3  
  134  8:43  Hydralisk  
  134  8:44  Hydralisk x12  
  134  8:46  Zergling x6  
  113  8:57  Roach  
  113  8:58  Roach x5  
  125  9:03  Roach  
  125  9:08  Queen  
  129  9:11  Hydralisk  
  129  9:12  Hydralisk x2  
  129  9:14  Hydralisk  
  137  9:23  Hydralisk x2  
  137  9:24  Hydralisk x2  
  123  9:39  Hydralisk  
  123  9:41  Hydralisk, Lurker x4  
  123  9:44  Roach x2  
  135  9:48  Drone x9, Extractor x2  
  142  9:58  Roach  
  142  9:59  Roach x5  
  134  10:08  Roach x7  
  134  10:09  Roach x2  
  124  10:16  Lurker  
  118  10:31  Roach x12  
  118  10:33  Hydralisk  
  118  10:34  Hydralisk  
  130  10:51  Roach x10  
  140  11:02  Hydralisk  
  140  11:03  Hydralisk x2  
  94  11:13  Ravager  
Tags
 
Add a new tag
Caveats
  • Supply blocks, unpowered buildings, or Contaminate may cause inaccurate times.
  • Supply counts are checked every 10 seconds.